 Seeded DCSS version 0.31-a0-325-g067879e3d3 (webtiles) character file.

Game seed: 14215367866634240820 (custom seed)

1926 innerfire43 the Cleaver (level 8, -2/59 HPs)
             Began as a Demonspawn Monk on July 18, 2023.
             Was a Believer of Qazlal.
             Slain by a yak (10 damage)
             ... on level 7 of the Dungeon.
             The game lasted 00:06:36 (5084 turns).

innerfire43 the Cleaver (Demonspawn Monk)           Turns: 5084, Time: 00:06:36

Health: -2/59      AC: 12    Str: 17    XL:     8   Next: 96%
Magic:  8/8        EV: 13    Int: 11    God:    Qazlal [**....]
Gold:   336        SH:  6    Dex: 18    Spells: 7/7 levels left

rFire   . . .        m - +0 war axe
rCold   . . .        d - orb {light}
rNeg    + . .        w - +4 troll leather armour {Pargi}
rPois   .            j - +2 helmet
rElec   .            (no cloak)
rCorr   +            (no gloves)
SInv    .            s - +0 pair of boots "Zehasm" {Harm rN+ Str+3 Dex+2}
Will    .....        (no amulet)
Stlth   +            x - ring of resist corrosion
HPRegen 1.09/turn    (no ring)
MPRegen 0.11/turn

%: harm (+30% outgoing, +20% incoming)
@: glowing
A: large bone plates 1, demonic guardian 2, condensation shield
a: Renounce Religion, Upheaval


You were on level 7 of the Dungeon.
You worshipped Qazlal.
Qazlal was pleased with you.
You visited 2 branches of the dungeon, and saw 8 of its levels.
You also visited: Sewer.

You collected 336 gold pieces.

Inventory:

Hand Weapons
 a - a +0 hand axe
 m - a +0 war axe (weapon)
Missiles
 g - 5 silver javelins (quivered)
Armour
 d - an orb of light (worn)
 j - a +2 helmet (worn)
 q - a +0 pair of boots
 s - the +0 pair of boots "Zehasm" (worn) {Harm rN+ Str+3 Dex+2}
   (You acquired it on level 5 of the Dungeon)

   Str:       It affects your strength (+3).
   Dex:       It affects your dexterity (+2).
   rN:        It protects you from negative energy.
   Harm:      It increases damage dealt and taken.
 t - a +0 scale mail
 w - a +4 troll leather armour (worn) {Pargi}
Jewellery
 x - a ring of resist corrosion (left hand)
 H - a ring of see invisible
 J - a ring of flight
Talismans
 C - a serpent talisman
Wands
 b - a wand of roots (19)
 u - a wand of polymorph (13)
 v - a wand of mindburst (19)
 B - a wand of quicksilver (17)
 F - a wand of paralysis (13)
Scrolls
 c - 2 scrolls of fog {unknown}
 e - 2 scrolls of enchant weapon {unknown}
 i - a scroll of amnesia {unknown}
 l - 3 scrolls of poison {unknown}
 o - a scroll of torment {unknown}
 p - a scroll of teleportation {unknown}
 r - 6 scrolls of identify {unknown}
 y - a scroll of blinking {unknown}
 E - 2 scrolls of vulnerability {unknown}
 G - a scroll of summoning {unknown}
 I - a scroll of fear {unknown}
Potions
 f - 5 potions of curing {unknown}
 h - a potion of ambrosia
 k - a potion of lignification {unknown}
 n - a potion of berserk rage {unknown}
 z - a potion of degeneration {unknown}
 A - a potion of attraction {unknown}
 D - a potion of haste {unknown}


   Skills:
 - Level 3.6 Fighting
 * Level 9.1 Axes
 - Level 3.2 Armour
 - Level 3.2 Dodging
 - Level 4.1 Shields


You had 7 spell levels left.
You didn't know any spells.
Your spell library contained the following spells:

 Spells                   Type           Power      Damage    Failure   Level
 Apportation              Tloc           0%         N/A       38%         1
 Necrotise                Necr           0%         1d4       38%         1
 Sandblast                Erth           0%         2d4       38%         1
 Summon Small Mammal      Summ           0%         N/A       38%         1
 Passwall                 Tmut/Erth      0%         N/A       54%         2
 Sublimation of Blood     Necr           0%         N/A       54%         2
 Gell's Gravitas          Tloc           0%         N/A       77%         3
 Stone Arrow              Conj/Erth      0%         3d7       77%         3
 Teleport Other           Tloc           0%         N/A       77%         3
 Petrify                  Tmut/Erth      0%         N/A       99%         4
 Irradiate                Conj/Tmut      0%         3d11      100%        5
 Dispersal                Tloc           0%         N/A       100%        6


Dungeon Overview and Level Annotations

Branches:
Dungeon (7/15)             Temple (1/1) D:7           Sewer (visited)

Altars:
Ashenzari
Cheibriados
Dithmenos
Fedhas
Gozag
Hepliaklqana
Makhleb
Okawaru
Qazlal
Sif Muna
Trog
Vehumet
Wu Jian
Xom

Shops:
D:4 [   D:5 *


Innate Abilities, Weirdness & Mutations

You are partially covered in large bone plates. (SH +4)
A demonic guardian rushes to your aid.
A meltable shield of frost defends you. (SH +0)


Message History

Unknown command.
There are monsters nearby!
You slash the steam dragon!
The steam dragon is moderately wounded.
You barely miss the yak.
The steam dragon bites you but does no damage.
The steam dragon claws you but does no damage.
Unknown command.
There are monsters nearby!
You hit the steam dragon.
The steam dragon is moderately wounded.
You slash the yak!
You hit the yak. x2; You block the yak's attack.
The yak gores you but does no damage. The steam dragon closely misses you. x2
The yak closely misses you.
Unknown command.
There are monsters nearby!
You slash the yak!
The yak is severely wounded.
You hit the yak. You barely miss the steam dragon. You hit the yak.
The yak gores you but does no damage. The yak barely misses you.
The steam dragon breathes steam at you. The ball of steam hits you.
The yak gores you but does no damage.
Unknown command.
You hit the yak but do no damage.
The yak is severely wounded.
You slash the steam dragon! You barely miss the yak. You hit the yak.
You slash the yak!
The yak gores you! x2; The steam dragon bites you.
The steam dragon misses you. The yak barely misses you.
Unknown command.
You hit the yak.
The yak is severely wounded.
You hit the yak. You hit the yak but do no damage. You hit the steam dragon.
You barely miss the yak. You hit the yak. The yak gores you but does no damage.
You block the yak's attack. The steam dragon breathes steam at you.
The ball of steam hits you!!
* * * LOW HITPOINT WARNING * * *
A demonic guardian appears!
The ball of steam hits your ice devil!! The yak gores you!
You die...

.....# .###### ##.#.##
.....#.....## #.#..#
...........## ####'###
...........# #.....#
..........#
#.⌠.⌠.######.........#
+..>..'...##.........#
#.⌠.⌠.###...§°YY.....#
#.....# ####4§@D..>.#
###[### #§YYY.....#
#.[.# #.........#
##.## #..$......# #.#
#.........# #.#
#.........# #.#
#........## ..#
........## .##


You could see 5 yaks, a steam dragon (catching breath, ally target) and a
friendly ice devil (summoned).

Vanquished Creatures
  Pikel (D:7)
  Duvessa (D:7)
  A sky beast (D:5)
  3 black bears
  A phantom (D:5)
  3 scorpions
  Dowan (D:7)
  3 hounds (D:5)
  2 iguanas
  Ijyb (D:4)
  4 adders
  A white imp (D:6)
  2 worms
  2 dart slugs
  9 orcs
  10 ball pythons
  9 endoplasms
  8 giant cockroaches
  9 goblins
  6 hobgoblins
  6 jackals (D:1)
  8 kobolds
  9 quokkas
  4 bats
  6 frilled lizards
  4 rats
114 creatures vanquished.

Vanquished Creatures (collateral kills)
  A water moccasin (D:5)
  Pargi (Sewer)
  A hound (D:6)
  An orc priest (D:3)
  Terence (D:3)
  An iguana (D:6)
  An orc wizard (D:6)
  4 gnolls (D:2)
  3 orcs
  An endoplasm (D:4)
  A quokka (D:1)
  A bat (D:1)
17 creatures vanquished.

Grand Total: 131 creatures vanquished

Notes
Turn   | Place    | Note
-------+----------+-------------------------------------------
     0 | D:1      | innerfire43 the Demonspawn Monk began the quest for the
                  | Orb.
     0 | D:1      | Reached XP level 1. HP: 18/18 MP: 1/1
    54 | D:1      | Gained mutation: A weak demonic guardian rushes to your
                  | aid. [demonic ancestry]
    54 | D:1      | Reached XP level 2. HP: 24/24 MP: 2/2
    62 | D:1      | Reached skill level 3 in Axes
   506 | D:1      | Reached XP level 3. HP: 19/29 MP: 3/3
  1280 | D:2      | Gained mutation: A demonic guardian rushes to your aid.
                  | [demonic ancestry]
  1280 | D:2      | Reached XP level 4. HP: 21/36 MP: 4/4
  1283 | D:2      | Reached skill level 1 in Armour
  1771 | D:3      | Reached skill level 4 in Axes
  1771 | D:3      | Reached XP level 5. HP: 16/41 MP: 5/5
  1979 | D:3      | Noticed Terence
  1988 | D:3      | Killed Terence
  2629 | D:4      | Found Junwutirr's Armour Shoppe.
  2701 | D:4      | Noticed Ijyb
  2721 | D:4      | Killed Ijyb
  2898 | D:4      | Noticed a black bear
  2904 | D:4      | Killed a black bear
  2905 | D:4      | Reached skill level 5 in Axes
  2905 | D:4      | Reached XP level 6. HP: 31/47 MP: 6/6
  3126 | D:4      | Found a glowing drain.
  3150 | Sewer    | Entered a sewer
  3186 | Sewer    | Noticed Pargi
  3190 | Sewer    | Killed Pargi
  3462 | D:4      | Reached skill level 6 in Axes
  3462 | D:4      | Gained mutation: A meltable shield of frost defends you.
                  | (SH +0) [demonic ancestry]
  3462 | D:4      | Reached XP level 7. HP: 52/52 MP: 7/7
  3703 | D:5      | Entered Level 5 of the Dungeon
  3725 | D:5      | Reached skill level 1 in Shields
  4116 | D:5      | Identified a scroll of acquirement
  4116 | D:5      | Acquired the +0 pair of boots "Zehasm" {Harm rN+ Str+3
                  | Dex+2}
  4299 | D:5      | Gained mutation: You are partially covered in large bone
                  | plates. (SH +4) [demonic ancestry]
  4299 | D:5      | Reached XP level 8. HP: 59/59 MP: 8/8
  4348 | D:5      | Found Ucuimn's Serpentskin Sales.
  4538 | D:6      | Reached skill level 7 in Axes
  4539 | D:6      | Identified the +1 long sword "Demon's Foe" {pain, *Slow
                  | rPois Str-4 Int+5}
  4953 | D:7      | Noticed Pikel
  4970 | D:7      | Killed Pikel
  4971 | D:7      | Reached skill level 8 in Axes
  4982 | D:7      | Found a staircase to the Ecumenical Temple.
  4990 | D:7      | Noticed Dowan
  4990 | D:7      | Noticed Duvessa
  5000 | D:7      | Killed Dowan
  5001 | D:7      | Reached skill level 9 in Axes
  5003 | D:7      | Killed Duvessa
  5011 | Temple   | Entered the Ecumenical Temple
  5047 | Temple   | Became a worshipper of Qazlal Stormbringer
  5047 | Temple   | Reached * piety under Qazlal
  5047 | Temple   | Reached ** piety under Qazlal
  5084 | D:7      | Slain by a yak

Illustrated notes

Levels and vault maps discovered:
D:1:      dpeg_arrival_castle, layout_basic, serial_forest,
          infiniplex_forest_straight_2, infiniplex_forest_straight_3,
          infiniplex_forest_clump_double, infiniplex_forest_lined_1,
          infiniplex_forest_clump_small, infiniplex_forest_straight_2,
          infiniplex_forest_lined_3_way
D:2:      layout_rooms
D:3:      layout_basic, general_overflow_altar, uniq_terence
D:4:      minmay_chambers_of_fours, layout_loops_ring, gup_sewer_entry_pipe,
          serial_shops, shop, uniq_ijyb
D:5:      layout_basic, guppyfry_shop_venom
D:6:      layout_rooms
D:7:      layout_rooms, minmay_temple_entry_hall, serial_shops,
          nicolae_shop_overgrown_old_shop, uniq_pikel, uniq_maggie, uniq_duvessa
Temple:   nicolae_temple_elliptical

Skill      XL: |  1  2  3  4  5  6  7  8 |
---------------+-------------------------+-----
Axes           | 3 4 5 6 9 |  9.1
Dodging        | 3 |  3.2
Armour         | 1 2 3 |  3.2
Shields        | 4 |  4.1
Fighting       | |  3.6

Action                     |  1- 3 |  4- 6 |  7- 9 || total
---------------------------+-------+-------+-------++-------
  Melee: Hand axe          |   103 |    20 |       ||   123
         War axe           |       |   131 |   135 ||   266
  Throw: Javelin           |     5 |       |       ||     5
    Use: Potion            |     1 |       |       ||     1
         Scroll            |       |     4 |     1 ||     5
 Armour: Robe              |    31 |    13 |       ||    44
         Scale mail        |       |    50 |       ||    50
         Troll leather arm |       |     5 |    56 ||    61
  Dodge: Dodged            |   107 |   100 |    78 ||   285
  Block: Orb               |       |       |    35 ||    35

Table legend: (Time is in decaauts)
 A = Elapsed time spent in this place.
 B = Non-inter-level travel time spent in this place.
 C = Inter-level travel time spent in this place.
 D = Time resting spent in this place.
 E = Time spent auto-exploring this place.
 F = Levels seen in this place.
 G = Mean time per level.
                   A        B        C        D        E       F      G
               +--------+--------+--------+--------+--------+-----+--------+
         Total |   5177 |   4837 |    340 |      0 |   3850 |   9 |  575.2 |
       Dungeon |   4941 |   4650 |    291 |      0 |   3738 |   7 |  705.9 |
        Temple |     52 |      3 |     49 |      0 |      0 |   1 |   52.0 |
         Sewer |    183 |    183 |      0 |      0 |    112 |   1 |  183.0 |
               +--------+--------+--------+--------+--------+-----+--------+

Top non-repeatable levels by time:
     D:1: 1130 daAuts
     D:4: 966 daAuts
     D:3: 944 daAuts
     D:5: 814 daAuts
     D:2: 552 daAuts
     D:6: 440 daAuts
   Sewer: 183 daAuts
     D:7: 93 daAuts
  Temple: 52 daAuts
